 Dungeon Crawl Stone Soup version 0.32-a0-612-g1c984fe9d1 (webtiles) character file.

Game seed: 8603486442930035739

387 Elsrick the Grasshopper (level 6, 0/47 HPs)
             Began as a Coglin Warper on Mar 5, 2024.
             Was a Follower of Beogh.
             Slain by Edmund
             ... wielding a +1 heavy flail
              (4 damage)
             ... on level 4 of the Dungeon.
             The game lasted 00:10:27 (2874 turns).

Elsrick the Grasshopper (Coglin Warper)             Turns: 2874, Time: 00:10:28

Health: 0/47       AC:  7    Str: 11    XL:     6   Next: 78%
Magic:  9/9        EV: 12    Int: 12    God:    Beogh [*.....]
Gold:   148        SH:  0    Dex: 16    Spells: 9/9 levels left

rFire   . . .        a - +0 falchion {Hua}
rCold   . . .        v - +1 mace (heavy) {Miranda}
rNeg    . . .        b - +0 leather armour
rPois   .            l - +0 helmet
rElec   .            s - +0 cloak
rCorr   .            h - +1 pair of gloves
SInv    .            (no boots)
Will    .....        (amulet unavailable)
Stlth   +            (ring unavailable)
HPRegen 0.27/turn    (ring unavailable)
MPRegen 0.11/turn    (no gizmo)

%: no passive effects
@: hasted, revved, very quick
A: off-hand wielding, slow wielding, warmup strikes, no jewellery
a: Invent Gizmo, Renounce Religion


You were on level 4 of the Dungeon.
You worshipped Beogh.
Beogh was aware of your devotion.
You visited 1 branch of the dungeon, and saw 4 of its levels.

You collected 148 gold pieces.

Inventory:

Hand Weapons
 a - a +0 falchion (weapon) {Hua}
 e - a +0 dagger {Vesna}
 v - a +1 heavy mace (offhand) {Miranda}
Missiles
 d - 6 darts of dispersal (quivered)
 p - 3 curare-tipped darts
 x - 7 poisoned darts
Armour
 b - a +0 leather armour (worn)
 h - a +1 pair of gloves (worn)
 l - a +0 helmet (worn)
 s - a +0 cloak (worn)
 y - an orb of guile
Scrolls
 c - 2 scrolls of blinking
 f - a scroll of silence {unknown}
 k - a scroll of poison {unknown}
 o - a scroll of acquirement {unknown}
 t - a scroll of teleportation {unknown}
 w - 3 scrolls of identify {unknown}
 z - a scroll of vulnerability {unknown}
 B - a scroll of fear {unknown}
 C - a scroll of brand weapon {unknown}
 D - a scroll of enchant armour {unknown}
Potions
 g - 3 potions of haste
 i - a potion of enlightenment {unknown}
 j - 2 potions of ambrosia {unknown}
 m - a potion of resistance {unknown}
 n - a potion of berserk rage {unknown}
 q - a potion of brilliance {unknown}
 r - 2 potions of curing {unknown}
 u - 3 potions of heal wounds {unknown}
 A - a potion of degeneration {unknown}


   Skills:
 + Level 3.0 Fighting
 + Level 0.5(2.1) Short Blades
 + Level 3.6(3.7) Long Blades
 + Level 2.3 Maces & Flails
 + Level 1.0 Throwing
 + Level 2.3 Armour
 + Level 2.7 Dodging
 + Level 0.6 Stealth
 + Level 2.0 Spellcasting
 + Level 3.6 Translocations


You had 9 spell levels left.
You didn't know any spells.
Your spell library contained the following spells:

 Spells                   Type           Power      Damage    Failure   Level
 Blink                    Tloc           20%        N/A       12%         2
 Lesser Beckoning         Tloc           20%        N/A       12%         2
 Teleport Other           Tloc           10%        N/A       24%         3
 Manifold Assault         Tloc           10%        N/A       61%         4
 Vhi's Electric Charge    Tloc/Air       10%        N/A       86%         4


Dungeon Overview and Level Annotations

Branches:
Dungeon (4/15)
 Temple: D:4-7

Altars:

Shops:
D:1 !

Annotations:
D:4 Blork the orc, Edmund


Innate Abilities, Weirdness & Mutations

You can wield a second weapon in your off-hand.
It takes a long time for you to wield or remove held weapons.
Your first few attacks do less damage.
You cannot equip rings or amulets.


Message History

You hit Edmund but do no damage.
An endoplasm comes into view.
Edmund closely misses you.
You hit Edmund with your +0 falchion.
Edmund is moderately wounded.
You hit Edmund but do no damage.
Blork the orc comes into view.
He is wielding a +0 trident.
Edmund hits you with a +1 heavy flail!
Blork the orc shouts!
You hit Edmund but do no damage.
Edmund is moderately wounded.
You hit Edmund with your +0 falchion.
Blork the orc hits you from afar with a +0 trident!
Edmund closely misses you. Blork the orc misses you.
You hit Edmund but do no damage.
Edmund is heavily wounded.
You sock Edmund with your +1 heavy mace!
Blork the orc closely misses you. Edmund closely misses you.
You hit Edmund but do no damage.
Edmund is heavily wounded.
You hit Edmund but do no damage. Blork the orc closely misses you.
Edmund barely misses you. Blork the orc closely misses you.
You hit Edmund but do no damage.
Edmund is heavily wounded.
You hit Edmund but do no damage.
Blork the orc hits you from afar with a +0 trident.
Edmund hits you with a +1 heavy flail!
* * * LOW HITPOINT WARNING * * *
You hit Edmund with your +0 falchion.
Edmund is severely wounded.
You hit Edmund but do no damage.
Blork the orc hits you from afar with a +0 trident.
* * * LOW HITPOINT WARNING * * *
Edmund hits you with a +1 heavy flail!
* * * LOW HITPOINT WARNING * * *
Blork the orc barely misses you.
It was a potion of haste.
You feel yourself speed up. Edmund hits you with a +1 heavy flail.
You die...
Edmund says, "I'd like to see a scythe do that!"

#.......)..........#.#
#..#...####..####..#.##
......................#
#..#...####..####.....#
#.<##.## #........# #
#............###...##.##
##.##.##########........
..##.# #...........
####.# #.##@#....## #
#@##.#.#


ohJ ...# .#r##.#.# ..#.. .r. #. ... ## ## ... ##.. You could see Edmund, Blork
the orc, a hound, an endoplasm and a quokka.

Vanquished Creatures
  Sigmund (D:3)
  A hound (D:2)
  A bombardier beetle (D:3)
  An orc priest (D:3)
  4 gnolls
  3 adders
  A ribbon worm (D:3)
  6 orcs (D:3)
  3 endoplasms
  2 giant cockroaches (D:1)
  8 goblins
  2 hobgoblins (D:1)
  4 jackals (D:2)
  3 quokkas
  7 ball pythons
  2 bats
  5 frilled lizards
  8 kobolds
  3 rats
65 creatures vanquished.

Vanquished Creatures (others)
  2 orcs (D:3)
  A kobold (D:3)
3 creatures vanquished.

Grand Total: 68 creatures vanquished

Notes
Turn   | Place    | Note
-------+----------+-------------------------------------------
     0 | D:1      | Elsrick the Coglin Warper began the quest for the Orb.
     0 | D:1      | Reached XP level 1. HP: 16/16 MP: 3/3
    17 | D:1      | Reached skill level 1 in Throwing
   166 | D:1      | Found Nof Omeji's Distillery.
   229 | D:1      | Reached XP level 2. HP: 20/22 MP: 5/5
   669 | D:1      | Found a faded altar of an unknown god.
  1048 | D:2      | Reached XP level 3. HP: 27/27 MP: 6/6
  1191 | D:2      | Reached skill level 1 in Armour
  1191 | D:2      | Reached XP level 4. HP: 21/33 MP: 7/7
  1668 | D:3      | Became a worshipper of Beogh the Shepherd
  1718 | D:3      | Reached XP level 5. HP: 16/39 MP: 8/8
  1963 | D:3      | Noticed Sigmund
  2433 | D:3      | Killed Sigmund
  2434 | D:3      | Reached skill level 1 in Maces & Flails
  2434 | D:3      | Reached XP level 6. HP: 46/46 MP: 9/9
  2850 | D:4      | Reached * piety under Beogh
  2861 | D:4      | Noticed Edmund
  2868 | D:4      | Noticed Blork the orc
  2874 | D:4      | Slain by Edmund

Illustrated notes

Levels and vault maps discovered:
D:1:      dpeg_arrival_castle, layout_basic,
          shapermc_ecumenical_altar_totnotflames, serial_shops,
          nicolae_shop_statue_plus, chequers_serial_rivers_small_a,
          minmay_misc_feat_cross
D:2:      layout_basic
D:3:      minmay_chambers_of_twos, layout_basic, grunt_ministairs_3,
          uniq_sigmund
D:4:      layout_loops_ring, mainiacjoe_overflow_six_doors_small,
          minmay_quantized, uniq_blork_the_orc, uniq_crazy_yiuf_cottage,
          uniq_edmund

Skill      XL: |  1  2  3  4  5  6 |
---------------+-------------------+-----
Throwing       | 1 |  1.0
Spellcasting   | 2 |  2.0
Armour         | 1 2 |  2.3
Dodging        | 2 |  2.7
Long Blades    | 3 |  3.6
Maces & Flails | 1 2 |  2.3
Fighting       | 3 |  3.0
Short Blades   | |  0.5
Stealth        | |  0.6
Translocations | |  3.6

Action                     |  1- 3 |  4- 6 || total
---------------------------+-------+-------++-------
  Melee: Falchion          |    66 |    79 ||   145
         Dagger            |    57 |    10 ||    67
         Mace              |       |    71 ||    71
  Throw: Dart              |       |     1 ||     1
 Invoke: Convert to Beogh  |       |     1 ||     1
    Use: Potion            |       |     1 ||     1
   Stab: Sleeping          |       |     1 ||     1
 Armour: Leather armour    |    57 |    72 ||   129
  Dodge: Dodged            |    38 |    84 ||   122

Table legend: (Time is in decaauts)
 A = Elapsed time spent in this place.
 B = Non-inter-level travel time spent in this place.
 C = Inter-level travel time spent in this place.
 D = Time resting spent in this place.
 E = Time spent auto-exploring this place.
 F = Levels seen in this place.
 G = Mean time per level.
                   A        B        C        D        E       F      G
               +--------+--------+--------+--------+--------+-----+--------+
         Total |   2931 |   2733 |    198 |    406 |   1156 |   4 |  732.8 |
       Dungeon |   2931 |   2733 |    198 |    406 |   1156 |   4 |  732.8 |
               +--------+--------+--------+--------+--------+-----+--------+

Top non-repeatable levels by time:
     D:3: 1149 daAuts
     D:1: 935 daAuts
     D:2: 762 daAuts
     D:4: 84 daAuts
